 Dungeon Crawl Stone Soup version 0.28-a0-1638-g9123634e07 (webtiles) character file.

Game seed: 14647350095333396719

72 bande the Covered (level 4, -1/42 HPs)
             Began as a Gargoyle Fighter on Jan 25, 2022.
             Slain by Sigmund (8 damage)
             ... on level 2 of the Dungeon.
             The game lasted 00:03:49 (1737 turns).

bande the Covered (Gargoyle Fighter)                Turns: 1737, Time: 00:03:49

Health: -1/42      AC: 22    Str: 20    XL:     4   Next: 26%
Magic:  4/4        EV:  2    Int:  8    God:
Gold:   54         SH:  4    Dex: 11    Spells: 3/3 levels left

rFire   . . .      SeeInvis .   a - +0 war axe (flame)
rCold   . . .      Faith    .   c - +0 buckler
rNeg    + . .      Spirit   .   (armour currently unavailable)
rPois   ∞          Reflect  .   (helmet currently unavailable)
rElec   .          Harm     .   (cloak currently unavailable)
rCorr   .          Rampage  .   (gloves currently unavailable)
Will    .....      NoTele   +   (boots currently unavailable)
Stlth   +.........              (no amulet)
HPRegen 0.14/turn               (no ring)
MPRegen 0.09/turn               (no ring)

@: mighty, tree-form (expiring), attractive
A: stationary, stasis, torment immunity, boosted hp, sickness immunity, AC +3,
negative energy resistance 1, (electricity resistance), torment resistance 1,
petrification resistance, (shaggy fur 1), subdued magic 1
a: no special abilities


You were on level 2 of the Dungeon.
You were a tree.
You visited 1 branch of the dungeon, and saw 2 of its levels.

You collected 54 gold pieces.

Inventory:

Hand Weapons
 a - a +0 war axe of flaming (weapon)
Missiles
 d - 23 stones (quivered)
Armour
 b - a +0 scale mail (melded)
 c - a +0 buckler (worn)
 i - a +0 helmet (melded)
Scrolls
 h - a scroll of brand weapon
Potions
 f - a potion of lignification


   Skills:
 + Level 3.5 Fighting
 + Level 3.2 Axes
 + Level 3.7 Armour
 + Level 0.1 Stealth
 + Level 3.5 Shields


You had 3 spell levels left.
You didn't know any spells.
Your spell library was empty.

Dungeon Overview and Level Annotations

Branches:
Dungeon (2/15)

Altars:

Shops:
D:2 *

Annotations:
D:2 Sigmund


Innate Abilities, Weirdness & Mutations

You are a tree.
Your roots penetrate the ground, keeping you stationary.
You cannot be teleported.
You are immune to unholy pain and torment.
Your maximum health is greatly increased.
Your equipment is partially melded.
You are immune to sickness and miasma.
((Your stone body is resilient. (AC +3)))
You are immune to poison.
You resist negative energy. (rN+)
((You are resistant to electric shocks. (rElec)))
You are resistant to unholy torment.
You are immune to petrification.
((You are covered in fur. (AC +1)))
Your spells are a little easier to cast, but a little less powerful.


Message History

Something hits you but does no damage. Something hits you but does no damage.
You cannot move.
Something hits you.
* * * LOW HITPOINT WARNING * * *
You cannot move.
You cannot move.
You cannot move.
You cannot move.
You cannot move.
Something hits you but does no damage.
You hear some strange, mumbled words.
Something tries to affect you, but you resist.
Okay, then.
You block something's attack. Something hits you but does no damage.
You block something's attack. Something hits you but does no damage.
Something hits you.
* * * LOW HITPOINT WARNING * * *
You hear some strange, mumbled words.
You are confused.
Your transformation is almost over.
Something hits you.
* * * LOW HITPOINT WARNING * * *
Something hits you but does no damage.
You hear some strange, mumbled words.
A magic dart appears from out of thin air!
The magic dart hits you but does no damage.
Sigmund appears from thin air!
Reactivating autopickup.
Sigmund hits you but does no damage.
You cannot move. (Use ctrl+direction or * direction to attack without moving.)
You cannot move. (Use ctrl+direction or * direction to attack without moving.)
You cannot move. (Use ctrl+direction or * direction to attack without moving.)
You cannot move. (Use ctrl+direction or * direction to attack without moving.)
You cannot move. (Use ctrl+direction or * direction to attack without moving.)
You feel less confused. Sigmund hits you with a +0 scythe!
You die...

...... ......
###..# .)...#
####.... ####.#
......# ## #.#
###.....####
.###.#
#....^.....#
#.##.# #.#........
##.#.# #.#.@...#
##..#### #.# #♣#
##.#.##.## #.# #.#
#....#.#.###.# #.#
.###..###.##.###.#
.....## ##.......#
####.. #....#####
#.#.#.##### #.##.#
#.####


You could see Sigmund.

Vanquished Creatures
  Robin (D:2)
  An adder (D:2)
  A dart slug (D:2)
  A ball python (D:2)
  6 bats
  3 endoplasms
  8 goblins
  7 hobgoblins
  5 kobolds
  4 quokkas
  5 frilled lizards
  6 rats
48 creatures vanquished.

Notes
Turn   | Place    | Note
-------+----------+-------------------------------------------
     0 | D:1      | bande the Gargoyle Fighter began the quest for the Orb.
     0 | D:1      | Reached XP level 1. HP: 14/14 MP: 1/1
   318 | D:1      | Reached XP level 2. HP: 9/19 MP: 2/2
  1128 | D:1      | Reached XP level 3. HP: 23/23 MP: 3/3
  1265 | D:2      | Found Xan Dori's Assorted Antiques.
  1417 | D:2      | Noticed Robin
  1440 | D:2      | Killed Robin
  1441 | D:2      | Reached XP level 4. HP: 16/28 MP: 4/4
  1693 | D:2      | Noticed Sigmund
  1710 | D:2      | HP: 1/28 [something (4)]
  1713 | D:2      | Gained mutation: Your spells are a little easier to cast,
                  | but a little less powerful. [potion of mutation]
  1713 | D:2      | Gained mutation: You are covered in fur. (AC +1) [potion of
                  | mutation]
  1737 | D:2      | Slain by Sigmund

Illustrated notes

Levels and vault maps discovered:
D:1:      lightli_iron_boxes, layout_basic, roderic_lattice_a
D:2:      layout_loops_ring, serial_shops, shop, bh_walls_and_bars, uniq_robin,
          uniq_sigmund

Skill      XL: |  1  2  3 |
---------------+----------+-----
Axes           | 2 3 |  3.2
Fighting       | |  3.5
Armour         | |  3.7
Stealth        | |  0.1
Shields        | |  3.5

Action                   |  1- 3 |  4- 6 || total
-------------------------+-------+-------++-------
Melee: War axe           |   103 |    27 ||   130
  Use: Scroll            |     1 |       ||     1
       Potion            |       |     5 ||     5
Armor: Scale mail        |    76 |     9 ||    85
       Skin              |       |    11 ||    11
Dodge: Dodged            |    59 |     8 ||    67
Block: Buckler           |    22 |     4 ||    26

Table legend: (Time is in decaauts)
 A = Elapsed time spent in this place.
 B = Non-inter-level travel time spent in this place.
 C = Inter-level travel time spent in this place.
 D = Time resting spent in this place.
 E = Time spent auto-exploring this place.
 F = Levels seen in this place.
 G = Mean time per level.
                   A        B        C        D        E       F      G
               +--------+--------+--------+--------+--------+-----+--------+
         Total |   1790 |   1790 |      0 |    370 |   1057 |   2 |  895.0 |
       Dungeon |   1790 |   1790 |      0 |    370 |   1057 |   2 |  895.0 |
               +--------+--------+--------+--------+--------+-----+--------+

Top non-repeatable levels by time:
     D:1: 1296 daAuts
     D:2: 494 daAuts
